[Event "*** SCC Grand Prix: Titled Tuesday Blitz"]
[Site "Chess.com"]
[Date "2020.06.02"]
[Round "10"]
[White "1stSecond"]
[Black "keepitcool9499"]
[Result "0-1"]
[WhiteElo "2680"]
[BlackElo "2488"]
[TimeControl "180+1"]
[EndTime "11:59:22 PDT"]
[Termination "keepitcool9499 won on time"]

1. d4 e6 2. c4 Nf6 3. Nf3 d5 4. g3 Be7 5. Bg2 O-O 6. O-O b6 7. Ne5 Bb7 8. Nc3 Nbd7 9. Bf4 c5 10. Rc1 cxd4 11. Qxd4 Nxe5 12. Bxe5 Bc5 13. Qf4 Nd7 14.
Bd4 Bxd4 15. Qxd4 Nf6 16. Rfd1 Qe7 17. cxd5 exd5 18. e3 Rfd8 19. a3 h6 20. Nb5 Qd7 21.
a4 Bc6 22. Qb4 Bxb5 23. axb5 Rac8 24. Ra1 Rc5 25. Bf1 Ne4 26. f3 Ng5 27. Qf4 Rc2 28. g4 Qe7 29. h4 Ne6 30. Qg3 Rxb2 31. Rac1 Rb3 32. Re1 Qb4 33. g5 hxg5 34. hxg5 g6 35. Bh3 Ng7 36. Qe5 Qh4 37. Bg2 Rxb5 38. Qf4 Qxf4 39.
exf4 d4 40. Re7 d3 41. Rcc7 Rf8 42. Red7 Rb1+ 43. Bf1 Nf5 44. Rxd3 a5 45. Rdd7 b5 46. Kg2 b4 47. Bd3 Ne3+ 48. Kf2 Nd1+ 49. Ke2 Nc3+ 50.
Ke3 Re1+ 51. Kf2 Rd1 52. Bc2 Rxd7 53. Rxd7 Ra8 54. Bb3 a4 55. Bxf7+ Kf8 56. Bxg6 a3 0-1

[Event "*** SCC Grand Prix: Titled Tuesday Blitz"]
[Site "Chess.com"]
[Date "2020.06.02"]
[Round "10"]
[White "SCIM"]
[Black "FightingChess"]
[Result "1/2-1/2"]
[WhiteElo "2502"]
[BlackElo "2381"]
[TimeControl "180+1"]
[EndTime "11:59:22 PDT"]
[Termination "Game drawn by stalemate"]

1. d4 d5 2. c4 c6 3. Nf3 Nf6 4. e3 e6 5. Bd3 Nbd7 6. b3 Bb4+ 7. Nbd2 Qe7 8. O-O O-O 9. a3 Bd6 10. Bb2 e5 11. dxe5 Nxe5 12. Nxe5 Bxe5 13. Bxe5 Qxe5 14. Nf3 Qh5 15. cxd5 Nxd5 16. Qc2 Rd8 17. Rfd1 Bg4 18. Be2 Qg6 19. Qxg6 hxg6 20. Rac1 Rd7 21. h3 Bxf3 22. Bxf3 Rad8 23. b4 Nb6 24. Rxd7 Rxd7 25. Kf1 f6 26.
Ke2 Kf7 27. Be4 g5 28. Bc2 Ke7 29. Bb3 Nd5 30. Rc5 Nc7 31. Rc4 Nb5 32. a4 Nd6 33. Rc2 Ne4 34. Bc4 Kd8 35. Bd3 Nd6 36.
f4 gxf4 37. exf4 Kc7 38. g4 Nf7 39. Ke3 Re7+ 40. Kf3 Nd6 41. h4 Re1 42. Re2 Rxe2 43. Bxe2 b6 44. g5 Kd8 45. h5 Ke7 46. Bd3 fxg5 47.
fxg5 c5 48. bxc5 bxc5 49. Kf4 a5 50. Bc2 Ke6 51. h6 gxh6 52. gxh6 Kf6 53. h7 Kg7 54. Ke5 Nc4+ 55. Ke4 Nb6 56. Ke5 Nc4+ 57. Kd5 Ne3+ 58. Kxc5 Nxc2 59. Kb5 Kxh7 60. Kxa5 Kg7 61. Kb6 Kf6 62.
a5 Nb4 63. Kc5 Ke6 64. Kb6 Kd6 65. Kb5 Kc7 66. Kxb4 Kb7 67. Ka4 Ka7 68. Kb5 Ka8 69.
a6 Kb8 70. Ka5 Ka8 71. Kb6 Kb8 72. a7+ Ka8 73. Ka6 1/2-1/2

[Event "*** SCC Grand Prix: Titled Tuesday Blitz"]
[Site "Chess.com"]
[Date "2020.06.02"]
[Round "10"]
[White "AnthonyWirig"]
[Black "mbachez"]
[Result "1-0"]
[WhiteElo "2712"]
[BlackElo "2544"]
[TimeControl "180+1"]
[EndTime "11:59:23 PDT"]
[Termination "AnthonyWirig won by checkmate"]

1. d4 Nf6 2. Bg5 Ne4 3. Bf4 e6 4. Nd2 Nxd2 5. Qxd2 c5 6. e3 d5 7. c3 Nc6 8. Bb5 Bd7 9. Bxc6 Bxc6 10. Ne2 Bd6 11. O-O O-O 12. Rfd1 Rc8 13. h3 Bb5 14. Bxd6 Qxd6 15. Nf4 Rfd8 16. a4 Bc4 17. Rdb1 e5 18.
dxe5 Qxe5 19. b3 Ba6 20. Re1 b6 21. Rad1 Bb7 22. c4 Rd6 23. Nxd5 Rcd8 24. e4 f6 25. f4 Qe8 26. Re3 Re6 27. Rde1 Qc6 28. Qf2 Rde8 29. Qg3 Kh8 30. Kh2 a6 31. e5 f5 32. Qh4 b5 33. axb5 axb5 34. Rg3 Qd7 35. Rg5 Bxd5 36. cxd5 Qxd5 37. Rxf5 Qxb3 38. Rh5 h6 39. f5 Rxe5 40. Rxe5 Rxe5 41. Rxh6+ gxh6 42. Qxh6+ Kg8 43. Qg6+ Kf8 44. Qf6+ Kg8 45. Qxe5 b4 46. Qxc5 Qc3 47. Qd5+ Kg7 48. Qd7+ Kf8 49. Qd8+ Kf7 50. Qd7+ Kf8 51. Qe6 b3 52. f6 Qc7+ 53. Kg1 Qc1+ 54.
Kf2 Qf4+ 55. Ke2 Qc7 56. Qxb3 Qe5+ 57. Qe3 Qb2+ 58. Kf3 Qb7+ 59. Qe4 Qb3+ 60. Kg4 Qb2 61. Qe7+ Kg8 62. Qg7# 1-0

[Event "*** SCC Grand Prix: Titled Tuesday Blitz"]
[Site "Chess.com"]
[Date "2020.06.02"]
[Round "10"]
[White "mr65"]
[Black "gm_rashid"]
[Result "1-0"]
[WhiteElo "2180"]
[BlackElo "2320"]
[TimeControl "180+1"]
[EndTime "11:59:23 PDT"]
[Termination "mr65 won by resignation"]

1. e4 e5 2. Nf3 Nc6 3. Bb5 a6 4. Ba4 Nf6 5. O-O Be7 6. Re1 b5 7. Bb3 O-O 8. d4 exd4 9. e5 Ne8 10. c3 dxc3 11. Nxc3 d6 12. Bf4 dxe5 13. Nxe5 Nxe5 14. Bxe5 Bd6 15. Ne4 Bf5 16. Nxd6 Nxd6 17. Qf3 Bg6 18. Rad1 Re8 19. g3 Qd7 20. h4 Qf5 21. Qxf5 Bxf5 22. Bxd6 Rxe1+ 23. Rxe1 cxd6 24. Re7 Rf8 25. Ra7 Be6 26. Rxa6 Bxb3 27. axb3 Rd8 28. Rb6 d5 29. Kf1 d4 30. Rxb5 d3 31. Ke1 g6 32. Kd2 Kg7 33.
Rc5 Rd6 34. Rc3 Rf6 35. f4 Kh6 36. Rxd3 Kh5 37. b4 Kg4 38. Kc3 Rc6+ 39. Kb3 Rb6 40. Kc4 Rc6+ 41. Kb3 Rb6 42. Kc4 Rc6+ 43. Kd5 Rc2 44.
b5 Rxb2 45. Kc6 Rc2+ 46. Kb7 h6 47. b6 Kf5 48. Ka8 Ra2+ 49. Kb8 Ke6 50. b7 Ke7 51. Kc8 Rc2+ 52. Kb8 Ra2 53. Rc3 Kd7 54. Rc4 Ra1 55.
Rd4+ Ke7 56. Kc7 Rc1+ 57. Kb6 Rb1+ 58. Kc6 f6 59. Rd5 Ke6 60. Rb5 1-0

[Event "*** SCC Grand Prix: Titled Tuesday Blitz"]
[Site "Chess.com"]
[Date "2020.06.02"]
[Round "10"]
[White "MFguimaraes"]
[Black "Khazieva_Elza"]
[Result "1-0"]
[WhiteElo "2429"]
[BlackElo "2267"]
[TimeControl "180+1"]
[EndTime "11:59:24 PDT"]
[Termination "MFguimaraes won by resignation"]

1. e4 c5 2. Nf3 d6 3. d4 cxd4 4. Nxd4 Nf6 5. Nc3 Nc6 6. Bg5 e6 7. Qd2 Be7 8. O-O-O O-O 9. f4 h6 10. Bxf6 Bxf6 11. Nxc6 bxc6 12. Qxd6 Qb6 13. Na4 Qe3+ 14. Qd2 Qxe4 15. Nc5 Qd5 16. Qxd5 exd5 17. Ba6 Bxa6 18. Nxa6 Be7 19. Rhe1 Bd6 20. g3 Rfe8 21. c4 Rxe1 22. Rxe1 dxc4 23. Kc2 Kf8 24. Kc3 Be7 25. Kxc4 Rd8 26.
Re2 Rd5 27. b4 Rd1 28. Nc5 Rc1+ 29. Kd4 Bf6+ 30. Kd3 Rc3+ 31. Kd2 Bd4 32. Nd7+ Kg8 33. Re8+ Kh7 34. Nf8+ Kg8 35. Ne6+ Kh7 36. Nxd4 Ra3 37.
Nc2 Rxa2 38. Rc8 a5 39. bxa5 Rxa5 40. Rxc6 Rd5+ 41. Ke3 Rh5 42. h4 Ra5 43. Rc3 Rd5 44.
Nd4 Rd7 45. Nf3 Re7+ 46. Kf2 Rd7 47. Re3 Rc7 48. g4 Rc2+ 49. Kg3 Rc1 50. Re7 Kg8 51. Ne5 Rc3+ 52. Kg2 Rc2+ 53. Kf3 Rc3+ 54. Ke4 f6 55. Ng6 Rc4+ 56. Ke3 Rc3+ 57. Kd4 Rf3 58. f5 Kh7 59. Re8 1-0

[Event "*** SCC Grand Prix: Titled Tuesday Blitz"]
[Site "Chess.com"]
[Date "2020.06.02"]
[Round "10"]
[White "pavelalexandru07"]
[Black "Quattroporte300"]
[Result "0-1"]
[WhiteElo "2114"]
[BlackElo "2279"]
[TimeControl "180+1"]
[EndTime "11:59:24 PDT"]
[Termination "Quattroporte300 won on time"]

1. e4 e5 2. Nf3 Nc6 3. Bb5 a6 4. Ba4 Nf6 5. O-O Be7 6. Re1 b5 7. Bb3 O-O 8. h3 Bb7 9. c3 d5 10. exd5 Nxd5 11. Nxe5 Nxe5 12. Rxe5 Nf4 13. d4 Nxg2 14.
d5 Nh4 15. Qd3 Bf6 16. Re1 Re8 17. Rxe8+ Qxe8 18. Be3 Qd7 19. Bf4 Rd8 20. Nd2 Bxd5 21. Re1 g6 22. Bxd5 Qxd5 23. Re8+ Kg7 24. Rxd8 Qxd8 25.
Qxd8 Bxd8 26. Be5+ f6 27. Bd4 Nf5 28. Nf3 Nxd4 29.
Nxd4 Kf7 30. Nc6 Be7 31. Nb8 a5 32. Nc6 a4 33. Nd4 b4 34. cxb4 Bxb4 35. Nc2 Bc5 36. Kf1 Ke6 37. Ke2 Kd5 38. f3 f5 39. Kd3 g5 40. b4 axb3 41. axb3 h5 42. b4 Bb6 43.
Ne1 c6 44. Nc2 Ke5 45. Ne1 Kf4 46. Ke2 Ke5 47. Nd3+ Kd4 48. Kd2 Bc7 49. Kc2 Kc4 50. Kd2 Bd6 51. Ke2 Bxb4 52. Ne5+ Kd5 53. Nf7 Be7 54. Nh6 Ke6 55. Ke3 c5 56. Kd3 Kf6 0-1

[Event "*** SCC Grand Prix: Titled Tuesday Blitz"]
[Site "Chess.com"]
[Date "2020.06.02"]
[Round "10"]
[White "Jeffinho023"]
[Black "Evgeny81"]
[Result "0-1"]
[WhiteElo "2584"]
[BlackElo "2727"]
[TimeControl "180+1"]
[EndTime "11:59:25 PDT"]
[Termination "Evgeny81 won on time"]

1. d4 Nf6 2. Nf3 c5 3. c3 e6 4. Bf4 d5 5. e3 Bd6 6. Bg3 O-O 7.
Nbd2 Qc7 8. Bd3 Nbd7 9. Qe2 e5 10.
dxe5 Nxe5 11. Nxe5 Bxe5 12. Nf3 Bd6 13. c4 d4 14. O-O Re8 15. Bxd6 Qxd6 16. Qd1 Bg4 17. Be2 Rad8 18. Nxd4 cxd4 19. Bxg4 dxe3 20. Bf3 e2 21. Bxe2 Qe5 22. Bd3 Qd4 23. Bc2 Qxb2 24. Qb1 Qc3 25. Bb3 Rd2 26. Qc1 Qd4 27. c5 Ng4 28. Qc4 Qxc4 29.
Bxc4 Kf8 30. Rad1 Red8 31. Rxd2 Rxd2 32. h3 Ne5 33. Bb3 Nd3 34. c6 bxc6 35. Bc4 Ne5 36. Bb3 Ke7 37. Re1 Kd6 38. f4 Nd3 39. Re4 Nc5 40.
Re8 Nxb3 41. axb3 Rb2 42. Ra8 Rxb3 43. Rxa7 Ke6 44. Rc7 Rc3 45. Kh2 h5 46. g4 h4 47.
Kg2 g6 48. g5 c5 49. Rc6+ Kd7 50. Rf6 Ke7 51. Rc6 c4 52. Kh2 Kd7 53. Rf6 Rc2+ 54. Kg1 Ke7 55. Rc6 c3 56. Kf1 Kd7 57. Rc5 Kd6 58. Rc8 Rc1+ 59. Ke2 Kd5 0-1

[Event "*** SCC Grand Prix: Titled Tuesday Blitz"]
[Site "Chess.com"]
[Date "2020.06.02"]
[Round "10"]
[White "1977Ivan"]
[Black "avantage_ru"]
[Result "1-0"]
[WhiteElo "2630"]
[BlackElo "2723"]
[TimeControl "180+1"]
[EndTime "11:59:26 PDT"]
[Termination "1977Ivan won by resignation"]

1. e4 Nf6 2. e5 Ne4 3. d3 Nc5 4.
d4 Ne6 5. f4 c6 6. f5 Nc7 7. Nf3 d6 8. Bd3 dxe5 9. dxe5 e6 10. f6 gxf6 11. exf6 Bc5 12. Nc3 Nd5 13. Ne4 Bb6 14.
Qe2 Na6 15. a3 Nc5 16. Nxc5 Bxc5 17. Bg5 h6 18. Bd2 Qxf6 19. Qe4 Qxb2 20. Ke2 Nc3+ 21. Bxc3 Qxc3 22. Rhf1 f5 23. Qh4 Qg7 24. g3 O-O 25.
h3 Be7 26. Qc4 Bf6 27. Rab1 b5 28. Qxc6 Bd7 29. Qd6 e5 30. Bxb5 Bxb5+ 31. Rxb5 e4 32. Nh4 Bxh4 33. gxh4 Rad8 34. Qe6+ Kh8 35. Rbxf5 Rxf5 36. Qxf5 e3 37. Qf6 Qxf6 38. Rxf6 Kg7 39. Ra6 Rd2+ 40.
Kxe3 Rxc2 41. Rxa7+ Kg6 42. Ra6+ Kh5 43. Kf3 Rc4 44. Kg3 Rc3+ 45. Kg2 Rc4 46. a4 Rxh4 47. Ra5+ Kg6 48. Kg3 Rb4 49. Ra6+ Kg5 50. h4+ Kh5 51.
Ra5+ Kg6 52. h5+ Kf6 53. Kf3 Rc4 54. Ke3 Rh4 55. Kd3 Rf4 56. Kc3 Re4 57. Kb3 Rh4 58. Rb5 Ke7 59. a5 Kd7 60. a6 Rh3+ 61. Ka4 Rh1 62.
Ra5 Ra1+ 63. Kb5 Rb1+ 64. Kc4 Rc1+ 65. Kd5 Rc8 66. a7 Ra8 67. Ke5 Kc7 68. Kf6 1-0

[Event "*** SCC Grand Prix: Titled Tuesday Blitz"]
[Site "Chess.com"]
[Date "2020.06.02"]
[Round "10"]
[White "TrenerChos"]
[Black "Matveev_Vladimir"]
[Result "0-1"]
[WhiteElo "2354"]
[BlackElo "2551"]
[TimeControl "180+1"]
[EndTime "11:59:26 PDT"]
[Termination "Matveev_Vladimir won by checkmate"]

1. e4 c5 2. Nf3 d6 3. Bb5+ Nd7 4. O-O a6 5. Bxd7+ Bxd7 6. d4 cxd4 7. Nxd4 e5 8. Ne2 h6 9. c4 b5 10. Nd2 Nf6 11.
Nc3 Rc8 12. cxb5 axb5 13. a3 Be7 14. h3 O-O 15. Qe2 Qb6 16. Nf3 Be6 17. Rd1 Qb7 18.
Qxb5 Qxb5 19. Nxb5 Nxe4 20. Be3 f6 21. Rac1 Rxc1 22. Rxc1 d5 23. Rc7 Bd8 24. Rb7 d4 25. Bd2 Nc5 26. Rb8 Be7 27. Rxf8+ Kxf8 28. Ne1 Na4 29. b4 Bd7 30. Nc7 Nb6 31. Nd3 Bd6 32.
Na6 Bb5 33. Nac5 f5 34. f3 Ke7 35. a4 Nxa4 36. Nxa4 Bxa4 37. Nc5 Bb5 38. Kf2 Bc6 39. Be1 e4 40. fxe4 fxe4 41. Ke2 Kf6 42. g4 Bf4 43. Bh4+ g5 44. Bf2 Bb5+ 45. Kd1 e3 46. Be1 d3 47.
Bc3+ Kg6 48. Ke1 Bg3+ 49. Kd1 e2+ 50. Kc1 e1=Q+ 51. Bxe1 Bxe1 52. Ne4 Bc6 53. Nd2 Bxd2+ 54. Kxd2 Bb5 55. Ke3 Kf6 56. Kd2 Ke5 57. Ke3 Kd5 58. Kd2 Kd4 59. h4 gxh4 60. g5 hxg5 61. Ke1 Ke3 62. Kd1 Ba4+ 63. Kc1 d2+ 64. Kb2 d1=Q 65.
b5 Qc2+ 66. Ka1 Bb3 67. b6 Qa2# 0-1

[Event "*** SCC Grand Prix: Titled Tuesday Blitz"]
[Site "Chess.com"]
[Date "2020.06.02"]
[Round "10"]
[White "jb2mix"]
[Black "Jospem"]
[Result "1-0"]
[WhiteElo "2723"]
[BlackElo "2858"]
[TimeControl "180+1"]
[EndTime "11:59:28 PDT"]
[Termination "jb2mix won by checkmate"]

1. e4 c5 2. c3 d5 3. exd5 Qxd5 4.
d4 Nf6 5. Nf3 e6 6. Na3 Nc6 7. Nb5 Qd8 8. dxc5 Bxc5 9. Qxd8+ Kxd8 10. b4 Bb6 11. Nd6 Ke7 12. Nc4 Nd5 13. b5 Na5 14.
Ba3+ Kf6 15. Nd6 Rd8 16. Ne4+ Kg6 17. Bd3 f5 18. Ne5+ Kh6 19. Bc1+ g5 20. Bxg5+ Kg7 21. Bxd8 Bxd8 22. Ng3 Kg8 23. O-O Bf6 24. Rfe1 Nf4 25. Bf1 b6 26. Rad1 Bb7 27. c4 h5 28. h4 Bxh4 29.
Rd4 Bg5 30. Ne2 Nxe2+ 31. Bxe2 h4 32. Rd7 Bf6 33. Bf3 Bxf3 34. Nxf3 Re8 35. Rxa7 Nxc4 36. a4 e5 37. Nd4 Nd6 38. Nc6 e4 39. Rd7 Nc4 40. Rd5 f4 41. Rf5 Bc3 42. Re2 e3 43. Rxf4 exf2+ 44. Rfxf2 Ra8 45. Re4 Nd6 46. Rg4+ Kh7 47.
Rxh4+ Kg6 48. Rf3 Nf5 49. Rg4+ Kh5 50. Rgf4 Nh4 51. Rxc3 Ng6 52. Rh3+ Kg5 53. Rd4 Nf4 54. Rg3+ Kf5 55. Rf3 Ke6 56. Rdxf4 Rh8 57. Rd4 Rh1+ 58. Kf2 Rf1+ 59. Kg3 Rg1 60. Re3+ Kf7 61. Rf4+ Kg6 62. Re6+ Kg5 63. Re5+ Kg6 64. Ne7+ Kg7 65. Rg5+ Kh7 66. Rh4# 1-0

[Event "*** SCC Grand Prix: Titled Tuesday Blitz"]
[Site "Chess.com"]
[Date "2020.06.02"]
[Round "10"]
[White "Saxar85"]
[Black "CaspiIsrael"]
[Result "0-1"]
[WhiteElo "2728"]
[BlackElo "2613"]
[TimeControl "180+1"]
[EndTime "11:59:28 PDT"]
[Termination "CaspiIsrael won on time"]

1. e4 e5 2. Nf3 Nc6 3. Bb5 g6 4.
d4 exd4 5. O-O Bg7 6. Bg5 Nge7 7.
Nbd2 h6 8. Bh4 a6 9. Bxc6 dxc6 10. e5 g5 11. Bg3 O-O 12. Ne4 Nf5 13. h3 Re8 14. Re1 Be6 15. Bh2 d3 16. cxd3 Nd4 17.
Nc5 b6 18. Nxe6 Rxe6 19. Re4 c5 20. Nxd4 cxd4 21. f4 gxf4 22. Bxf4 c5 23. Qf3 Qd5 24. Rf1 Ra7 25. b3 Rd7 26. Bg3 b5 27. Qe2 Rde7 28. Rf5 Rg6 29. Rg4 Qe6 30. Qe4 Rxg4 31. hxg4 Rd7 32.
Bh4 c4 33. bxc4 bxc4 34. dxc4 d3 35. Rf1 Qxe5 36. Qxe5 Bxe5 37. Kf2 Rd4 38. c5 Rxg4 39. g3 Rc4 40. Ke3 Rxc5 41. Kxd3 Kg7 42. Ke4 Kg6 43. Rf5 Bd4 44. Rf3 Bg7 45. Ra3 Rc6 46. Kd5 Re6 47.
g4 Bf6 48. Bg3 Kg5 49. Ra4 Be7 50. Be5 Bf6 51. Bd6 Bc3 52. Rxa6 Kxg4 53. Ra7 Rf6 54. a4 h5 55. a5 Rf5+ 56. Ke4 Bxa5 57. Be5 Bd2 58.
Ra8 Bg5 0-1

[Event "*** SCC Grand Prix: Titled Tuesday Blitz"]
[Site "Chess.com"]
[Date "2020.06.02"]
[Round "10"]
[White "Cocaino74"]
[Black "lelajavakhishvili"]
[Result "1-0"]
[WhiteElo "2340"]
[BlackElo "2471"]
[TimeControl "180+1"]
[EndTime "11:59:29 PDT"]
[Termination "Cocaino74 won by resignation"]

1. e4 d6 2. d4 Nf6 3. Nc3 g6 4. Bg5 Nbd7 5. Qd2 c6 6. Nf3 b5 7.
Bd3 Nb6 8. O-O Bg7 9. Bh6 O-O 10.
a4 b4 11. Ne2 a5 12. h3 c5 13. c3 c4 14. Bb1 b3 15. e5 Ne8 16. Bxg7 Kxg7 17.
Ng3 d5 18. Nh5+ Kg8 19. Qh6 f6 20.
Bxg6 hxg6 21. Qxg6+ Kh8 22. Qh6+ Kg8 23. Nf4 Bf5 24. Nh4 Bh7 25. Ne6 Rf7 26. Nxd8 Rxd8 27. e6 Rg7 28. Kh2 Nd6 29. Rfe1 Ne4 30. Re3 Nc8 31.
Rf1 Ncd6 32. Qf4 Ng5 33. Nf3 Rf8 34. Nxg5 fxg5 35. Qg4 Bf5 36. Qh5 Bg6 37. Qg4 Bf5 38. Qh5 Ne4 39. f3 Nf6 40. Qh6 Rg6 41. Qxg6+ Bxg6 42. Re5 Bd3 43. Rfe1 Kh7 44. Rxg5 Rg8 45. Rxg8 Kxg8 46. g4 Kg7 47. Kg3 Kg6 48. h4 Ne8 49. Kf4 Nd6 50. Ke5 Ne8 51. Kxd5 Nc7+ 52. Kc6 Ne8 53. Kd7 Nf6+ 54. Kxe7 Nd5+ 55. Kd6 Nxc3 56. bxc3 b2 57. e7 1-0

[Event "*** SCC Grand Prix: Titled Tuesday Blitz"]
[Site "Chess.com"]
[Date "2020.06.02"]
[Round "10"]
[White "pooh2012"]
[Black "PetrolulSah"]
[Result "0-1"]
[WhiteElo "2394"]
[BlackElo "2253"]
[TimeControl "180+1"]
[EndTime "11:59:30 PDT"]
[Termination "PetrolulSah won by checkmate"]

1. b3 e5 2. Bb2 Nc6 3. e3 Nf6 4.
Nf3 e4 5. Nd4 Nxd4 6. Bxd4 c5 7.
Bb2 d5 8. d3 Be7 9. Be2 Bf5 10.
Nd2 O-O 11. O-O exd3 12. cxd3 d4 13. e4 Be6 14. f4 b5 15. Kh1 Qc8 16. Rc1 Bg4 17.
h3 Bxe2 18. Qxe2 Rd8 19. g4 a5 20. a4 bxa4 21. bxa4 Rb8 22. Nc4 Rb4 23. Qc2 Qc6 24. Ra1 Ra8 25. Ne5 Qb7 26. Ba3 Rb3 27. Rfb1 Rb8 28. Rxb3 Qxb3 29. Ra2 Bd6 30. Kg2 Qxc2+ 31. Rxc2 Bxe5 32. fxe5 Nd7 33. g5 Rb3 34. Bxc5 Rxd3 35. Bd6 h6 36. g6 fxg6 37. e6 Nf6 38. e5 Nd5 39. Rc5 Nf4+ 40. Kf2 Nxe6 41. Rc8+ Kh7 42. Ra8 Rxh3 43. Rxa5 Rb3 44. Ra7 g5 45. Rd7 Kg6 46.
Re7 Kf5 47. Rf7+ Ke4 48. Re7 Rb2+ 49. Ke1 Nf4 50. Rxg7 Ke3 51. Kd1 d3 52. Bc5+ Ke4 53. e6 Rb1+ 54. Kd2 Rb2+ 55. Kc3 Rc2+ 56. Kb4 Nxe6 57.
Re7 Kd5 58. Bd6 Kxd6 59. Rh7 Kd5 60. Rxh6 d2 61. Rh7 Ke5 62. Rd7 Nd4 63. a5 d1=Q 64. Re7+ Kf6 65. Re5 Qb1+ 66. Ka4 Ra2# 0-1

[Event "*** SCC Grand Prix: Titled Tuesday Blitz"]
[Site "Chess.com"]
[Date "2020.06.02"]
[Round "10"]
[White "GHANDEEVAM2003"]
[Black "VMikhalevski"]
[Result "0-1"]
[WhiteElo "2937"]
[BlackElo "2771"]
[TimeControl "180+1"]
[EndTime "11:59:33 PDT"]
[Termination "VMikhalevski won by resignation"]

1. Nf3 Nf6 2. c4 g6 3. Nc3 d5 4. cxd5 Nxd5 5. Qc2 Nc6 6. d4 Bg7 7. e4 Ndb4 8. Qa4 Bd7 9. Qd1 Nxd4 10. Nxd4 Bxd4 11. a3 Nc6 12. Bh6 e6 13. Qf3 Qh4 14.
Bd2 Ne5 15. Qg3 Qxg3 16. hxg3 O-O-O 17. Bg5 Rde8 18. Rd1 Nc6 19. Bb5 Bg7 20. Be3 a6 21. Be2 h5 22. Na4 Ne5 23. Nc5 Bb5 24. Bd4 Rd8 25.
Bxb5 axb5 26. Nb3 Rhg8 27. Ke2 Nc4 28. Bxg7 Rxg7 29. Rxd8+ Kxd8 30. Nc5 b6 31. Nd3 f6 32. Ra1 e5 33. a4 Nd6 34. f3 Ke7 35. a5 bxa5 36.
Rxa5 Rg8 37. Ra7 Rc8 38. Nb4 Ke6 39. Nd5 Ne8 40. Rb7 c6 41. Ne7 Rc7 42. Rxc7 Nxc7 43. Nxc6 Kd6 44. Nb4 Kc5 45. Nc2 Kc4 46. Kd2 Ne6 47.
Ne3+ Kb3 48. Nd5 f5 49. Kc1 fxe4 50. fxe4 Nc5 51. Ne7 Nd3+ 52. Kd2 Nxb2 53. Nxg6 Nc4+ 54. Kd3 b4 55. g4 hxg4 56. g3 Nb2+ 57. Kd2 Nc4+ 58.
Kd3 Na3 59. Nxe5 Ka2 60. Nc6 b3 61. Nb4+ Ka1 62. e5 b2 0-1

[Event "*** SCC Grand Prix: Titled Tuesday Blitz"]
[Site "Chess.com"]
[Date "2020.06.02"]
[Round "10"]
[White "Crazy_girl99"]
[Black "GoValya"]
[Result "1-0"]
[WhiteElo "2396"]
[BlackElo "2177"]
[TimeControl "180+1"]
[EndTime "11:59:34 PDT"]
[Termination "Crazy_girl99 won by resignation"]

1. e4 g6 2. d4 Bg7 3. Nf3 c5 4. dxc5 Qa5+ 5. c3 Qxc5 6. Be3 Qc7 7. Nbd2 d6 8. h3 Nf6 9. Bc4 O-O 10. Qe2 a6 11. a4 Nbd7 12. O-O b6 13. Bd3 Nc5 14. Bc2 Bb7 15. Bf4 e5 16. Bg5 d5 17.
exd5 Nxd5 18. Nc4 Ne6 19. Bb3 Nxg5 20. Nxg5 Nf4 21. Qe3 Bxg2 22. Rfd1 h6 23. Nf3 Qb7 24. Ncxe5 Bxe5 25. Nxe5 Nxh3+ 26. Kh2 Ng5 27. Nxg6 Rfe8 28. Qf4 Nf3+ 29. Kxg2 Nh4+ 30. Kh3 Nxg6 31. Qg4 Kh7 32. Bd5 Qc7 33. Bxa8 Nf4+ 34. Kg3 Ne2+ 35. Kg2 Rg8 36. Be4+ Kh8 37. Qxg8+ Kxg8 38. Kf3 Nf4 39. Rg1+ Kf8 40. Rad1 Ne6 41. Ke2 Qf4 42. Bd3 Qe5+ 43. Kd2 Qf4+ 44. Kc2 Qxf2+ 45. Kb1 Qc5 46. Bxa6 Ke7 47. Bb5 Qe5 48.
Rd7+ Kf6 49. Rf1+ Kg6 50. Rdxf7 Ng5 51. Bd3+ Kh5 52. R7f5 Qe3 53. R5f4 Qxd3+ 54. Ka2 Qxf1 55. Rxf1 Kg4 56. Rf6 h5 57. Rxb6 h4 58. Rb4+ Kg3 59. Rxh4 Kxh4 60. a5 Ne4 61. a6 Nc5 62. a7 Ne4 63.
a8=Q Nxc3+ 64. bxc3 Kh5 65. Qd5+ Kg4 66. c4 Kh4 67. c5 1-0

[Event "*** SCC Grand Prix: Titled Tuesday Blitz"]
[Site "Chess.com"]
[Date "2020.06.02"]
[Round "10"]
[White "FMJoseHerrera"]
[Black "nikitakhoroshev"]
[Result "1/2-1/2"]
[WhiteElo "2634"]
[BlackElo "2469"]
[TimeControl "180+1"]
[EndTime "11:59:35 PDT"]
[Termination "Game drawn - insufficient material"]

1. Nf3 Nf6 2. g3 d5 3. Bg2 c6 4. d3 Bf5 5. O-O e6 6. c3 h6 7. Qb3 Qb6 8. Be3 Qxb3 9. axb3 a6 10. b4 Nbd7 11. Nbd2 Rc8 12. Nb3 Bd6 13. Na5 Rc7 14.
Rfc1 e5 15. Bd2 e4 16. Nd4 Bh7 17. c4 exd3 18. cxd5 Nxd5 19. exd3 Nxb4 20. Nc4 Be7 21. Re1 Nxd3 22. Re3 Kf8 23. Bc3 Nf6 24. Bf1 Nc5 25. Rae1 Nce4 26. Ba5 Rd7 27. Nf3 g5 28. Nfe5 Rd5 29.
Bg2 b5 30. Nxc6 bxc4 31. Nxe7 Kxe7 32. Bc3 Re8 33. f3 Kf8 34. fxe4 Ng4 35. R3e2 Rd3 36.
e5 Bf5 37. h3 Rxg3 38. hxg4 Bxg4 39. Re3 Rxe3 40. Rxe3 Be6 41. Bh3 Kg7 42. Bf1 Kg6 43. Rf3 Kg7 44. Rf2 Rd8 45. Rd2 Rxd2 46. Bxd2 Kg6 47. Bc3 Kf5 48. Bh3+ Ke4 49. Bg2+ Ke3 50. Bb7 h5 51. Bxa6 h4 52. Be1 Kf4 53. Bc3 Ke3 54. Bb7 g4 55. Kh2 g3+ 56. Kg2 Bf5 57. Bd5 Be4+ 58. Bxe4 Kxe4 59. Kh3 Kf5 60. Be1 Kxe5 61. Kxh4 g2 62. Bf2 Ke4 63. Kg3 Kd3 64. Kxg2 c3 65.
bxc3 Kxc3 66. Kf3 Kd3 67. Bg3 f5 68. Bf4 Kd4 69. Bg3 Kd5 70. Bf2 f4 71. Bg3 Ke6 72.
Bxf4 1/2-1/2

[Event "*** SCC Grand Prix: Titled Tuesday Blitz"]
[Site "Chess.com"]
[Date "2020.06.02"]
[Round "10"]
[White "Gennady_Kozlov"]
[Black "plumalka"]
[Result "1-0"]
[WhiteElo "2571"]
[BlackElo "2424"]
[TimeControl "180+1"]
[EndTime "11:59:35 PDT"]
[Termination "Gennady_Kozlov won by resignation"]

1. b3 e5 2. Bb2 Nc6 3. e3 a6 4. d4 exd4 5. exd4 d5 6. Nf3 Nf6 7. Bd3 Bb4+ 8. c3 Bd6 9. O-O O-O 10. Re1 Bg4 11. h3 Bh5 12. Nbd2 Qd7 13. Qc2 Rfe8 14.
Bf5 Qd8 15. c4 Bf4 16. g4 Bg6 17.
Ne5 Nb4 18. Qc3 Bxf5 19. Qxb4 Be6 20. Ndf3 h5 21. g5 Ne4 22. h4 f6 23. cxd5 Bxd5 24.
Ng6 fxg5 25. Ba3 Bd6 26. Qa4 Bc6 27. Qa5 b6 28. Qf5 Bxa3 29. Nfe5 Qf6 30. Qxf6 gxf6 31.
Nxc6 Kg7 32. Nge7 Bxe7 33. Rxe4 Bd6 34. Rae1 Kf7 35. hxg5 fxg5 36. Ne5+ Bxe5 37. Rxe5 Rxe5 38.
Rxe5 Kf6 39. Kg2 Rd8 40. Re4 Kf5 41. Kf3 g4+ 42. Ke3 h4 43. Re5+ Kf6 44. Ke4 h3 45. Rh5 Kg6 46. Rh4 Kg5 47. Rh7 Re8+ 48. Kd5 Rf8 49.
Rg7+ Kh6 50. Rxg4 Rf5+ 51. Ke4 h2 52. Kxf5 h1=Q 53. Rg6+ Kh7 54. Re6 Qd5+ 55. Re5 Qxd4 56. f4 Kg7 57. Re7+ Kf8 58. Re6 a5 59. Re5 Qd3+ 60.
Ke6 Qh3+ 61. f5 Qh2 62. Rd5 Qc2 63. Rd8+ Kg7 64. f6+ Kg6 65. Rg8+ Kh7 66. f7 Qe4+ 67. Kd7 Qd5+ 68. Ke7 Qd6+ 69. Ke8 Qe6+ 70. Kf8 Qc8+ 71.
Ke7 Qxg8 72. fxg8=Q+ Kxg8 73. Kd7 b5 74. Kxc7 a4 75. b4 Kf7 76. Kb6 Ke6 77. Kxb5 a3 78.
Ka4 Kd6 79. Kb5 Kd7 80. Ka4 Kc8 81. Kxa3 Kb7 82. Kb3 Ka6 83. a4 Kb6 84. Kc4 Kc6 85.
b5+ Kb6 86. Kb4 Kb7 87. a5 Ka7 88. Kc5 Kb7 89. a6+ Ka7 90. Kc6 Kb8 91. b6 Ka8 92. b7+ Kb8 93. a7+ Kxa7 94. Kc7 Ka6 95. b8=Q 1-0

[Event "*** SCC Grand Prix: Titled Tuesday Blitz"]
[Site "Chess.com"]
[Date "2020.06.02"]
[Round "10"]
[White "korbul"]
[Black "praveenb2002"]
[Result "0-1"]
[WhiteElo "2484"]
[BlackElo "2711"]
[TimeControl "180+1"]
[EndTime "11:59:38 PDT"]
[Termination "praveenb2002 won by resignation"]

1. d4 Nf6 2. c4 e6 3. Nf3 d5 4. Nc3 Be7 5. Bf4 O-O 6. e3 b6 7. cxd5 Nxd5 8. Bd3 Nxf4 9. exf4 Bb7 10. O-O c5 11. Be4 Bxe4 12. Nxe4 Nc6 13. dxc5 bxc5 14. Qa4 Qb6 15. b3 Rfd8 16. Rad1 Nd4 17. Nxd4 cxd4 18. Rd3 Rd5 19. Rfd1 Rad8 20. g3 h6 21. Qc4 R5d7 22. Nd2 Rc7 23. Qa4 Bf6 24. Nc4 Qb7 25. Qa5 Rd5 26. Qe1 Rcd7 27. Qe4 Qa6 28.
Qe2 Rd8 29. Ne5 Qb5 30. Nf3 a5 31. Qe4 Qb4 32. a4 Qc5 33. Kg2 Qc2 34. R1d2 Qc5 35. h4 Qb4 36. Qe2 Rc8 37. g4 g6 38. g5 hxg5 39. fxg5 Bg7 40. Nh2 Rf5 41. Ng4 Qb7+ 42.
f3 Rc3 43. Nf2 Rxb3 44. Rxb3 Qxb3 45. Ne4 Qxa4 46. Rc2 Qd7 47. Qd3 a4 48. Rb2 Qc7 49. Qd2 Kh7 50. Ra2 Qc6 51. Ra3 Rd5 52. Rd3 Qb5 53.
f4 Qb1 54. h5 gxh5 55. Ng3 h4 56. Nf1 Rc5 57. Qe2 Rc2 58. Rd2 Qb7+ 59. Kh3 Rc3+ 60. Kh2 Qd5 61. Rd3 Rxd3 62. Qxd3+ Kg8 63. Nd2 Qf5 64. Qxf5 exf5 65. Nc4 d3 66. Kg2 Bc3 67. Kf3 d2 68. Ke2 h3 69. Nd6 h2 70. Nxf5 h1=Q 71. Ne7+ Kf8 0-1